 Dungeon Crawl Stone Soup version 0.24-a0-244-ga6a6ab7d13 (webtiles) character file.

Game seed: 7663175068584093336

10287 Redear the Fighter (level 11, -2/65 HPs)
             Began as a Gargoyle Fighter on Apr 11, 2019.
             Was a Priest of Makhleb.
             Hit by a large rock thrown by a cyclops (23 damage)
             ... on level 11 of the Dungeon.
             The game lasted 00:36:15 (12117 turns).

Redear the Fighter (Gargoyle Fighter)              Turns: 12117, Time: 00:36:16

Health: -2/65      AC: 14    Str: 20    XL:     11   Next: 59%
Magic:  11/11      EV: 13    Int: 10    God:    Makhleb [***...]
Gold:   368        SH:  8    Dex: 12    Spells: 9/10 levels left

rFire    + + .     SeeInvis .   d - +4 mace (freeze)
rCold    + . .     Gourm    .   x - +2 buckler
rNeg     + . .     Faith    .   j - +0 leather armour
rPois    ∞         Spirit   .   w - +2 hat {Int+3} {Int+3}
rElec    +         Reflect  .   H - scarf {rC+ rF+}
rCorr    .         Harm     .   m - +0 pair of gloves
MR       .....                  (no boots)
Stlth    +.........             (no amulet)
HPRegen  0.20/turn              f - ring of protection from fire {rF+}
MPRegen  0.12/turn              u - -2 ring of intelligence (curse)

@: no status effects
A: hooves 1, deformed body, frail 1, negative energy resistance 1, electricity
resistance, unbreathing, petrification resistance, rot immunity, MP-powered
wands, AC +8
a: Minor Destruction, Lesser Servant of Makhleb, Renounce Religion


You were on level 11 of the Dungeon.
You worshipped Makhleb.
Makhleb was most pleased with you.
You were hungry.

You visited 3 branches of the dungeon, and saw 13 of its levels.

You collected 853 gold pieces.
You spent 485 gold pieces at shops.

Inventory:

Hand Weapons
 a - a +0 flail
 d - a +4 mace of freezing (weapon)
 k - a +0 hand crossbow
 y - the +4 hunting sling "Uliffeug" {venom, +Inv rElec Dex-2}
   (You bought it in a shop on level 8 of the Dungeon)

   It poisons the ammo it fires.
   It affects your dexterity (-2).
   It insulates you from electricity.
   It lets you turn invisible.
 C - a +2 morningstar of draining
 F - a +3 war axe
Missiles
 A - 25 sling bullets
Armour
 c - a +0 shield
 j - a +0 leather armour (worn)
 m - a +0 pair of gloves (worn)
 w - a +2 hat of intelligence (worn) {Int+3}
 x - a +2 buckler (worn)
 H - a scarf of resistance (worn)
Magical Staves
 E - an uncursed staff of poison {unknown}
Jewellery
 f - a ring of protection from fire (left hand) {rF+}
 g - an uncursed ring of wizardry {Wiz+}
 l - an uncursed ring of magical power {MP+9}
 t - an uncursed ring of protection from magic {unknown}
 u - a cursed -2 ring of intelligence (right hand)
Wands
 o - a wand of disintegration (22)
 p - a wand of random effects (17)
 I - a wand of iceblast (5)
 V - a wand of flame (18)
Scrolls
 b - a scroll of random uselessness
 h - a scroll of noise
 i - 3 scrolls of amnesia
 n - a scroll of immolation
 q - a scroll of brand weapon
 r - 3 scrolls of enchant armour
 s - 2 scrolls of fog
 v - 2 scrolls of enchant weapon
 B - a scroll of blinking {@r4}
 D - a scroll of torment
 M - 3 scrolls of magic mapping
 N - 2 scrolls of remove curse {@r2}
 T - 3 scrolls of teleportation {@r3}
Potions
 e - a potion of invisibility {unknown}
 Q - a potion of curing {@q2}
Comestibles
 z - 23 rations
 G - 2 chunks of flesh


   Skills:
 + Level 10.8 Fighting
 + Level 9.6 Maces & Flails
 - Level 9.0 Armour
 + Level 4.5 Dodging
 - Level 9.0 Shields


You had 9 spell levels left.
You knew the following spells:

 Your Spells              Type           Power        Failure   Level  Hunger
q - Confusing Touch       Hex            #.....       41%         1    ##.....

Your spell library contained the following spells:

 Spells                   Type           Power        Failure   Level  Hunger
 Animate Skeleton         Necr           N/A          41%         1    ##.....
 Apportation              Tloc           #.....       41%         1    ##.....
 Summon Small Mammal      Summ           #...         41%         1    ##.....


Dungeon Overview and Level Annotations

Branches:
Dungeon (11/15)            Temple (1/1) D:6             Orc (1/2) D:9
   Lair: D:8-11

Altars:
Ashenzari
Cheibriados
Dithmenos
Elyvilon
Fedhas
Gozag
Hepliaklqana
Kikubaaqudgha
Makhleb
Nemelex Xobeh
Okawaru
Qazlal
Ru
Sif Muna
Trog
Uskayaw
Vehumet
Wu Jian
Xom
Yredelemnul
Zin
The Shining One

Shops:
D:5 [   D:6 *   D:8 (*   D:9 ?

Annotations:
D:9 1 exclusion


Innate Abilities, Weirdness & Mutations

You are resistant to torment.
Your stone body is resilient. (AC +8)
You are immune to poison.
You resist negative energy. (rN+)
You are resistant to electric shocks. (rElec)
You can survive without breathing.
You are immune to petrification.
You are immune to rotting.
You have large cloven feet.
Armour fits poorly on your strangely shaped body.
You are frail. (-10% HP)
You expend magic power (3 MP) to strengthen your wands.


Message History

You kill the orc!
Makhleb accepts your kill.
You feel better.
Things that are here:
a +3 war axe; 20 stones; a +0 plate armour
F - a +3 war axe
Things that are here:
a +0 club; a +0 leather armour; a hound corpse You butcher the hound corpse.
G - 2 chunks of flesh
Things that are here:
a +0 club; a +0 leather armour; a hound skeleton The cyclops throws a large rock.
The large rock hits you!!
Ouch! That really hurt!
Things that are here:
a large rock; 4 tomahawks; an orc corpse You take 34 damage, and have 21/65 hp.
MASSIVE DAMAGE!!
You butcher the orc corpse.
The cyclops throws a large rock.
The large rock hits you!!
You die...

..^ .. #..#.# ##o#o.# #...h#
##...# ########
#..(###########......#
..####......%..........####
.........(C........####...##
..###.#..###@#..#.####.....##
########..(.## #)#.##...#.......#
.........#.## ##((.......^......#
...######..####.................#
.....$.......)...#########..<..##
#........#####...## ##.....##
######..##..........## #.......#
.....!.####.....(....# ##.......#
.###########.........###......>.#


You could see a cyclops.

Vanquished Creatures
  Gastronok (D:9)
  Harold (D:7)
  A gargoyle (D:10)
  Psyche (D:8)
  A troll (D:9)
  2 hippogriffs
  Sigmund (D:6)
  7 yaks (D:9)
  3 wyverns
  A wraith (D:10)
  A hungry ghost (D:9)
  Menkaure (D:7)
  2 water moccasins
  2 ice beasts
  2 orc warriors
  4 phantoms
  2 black bears
  3 ogres
  4 centaurs
  A big kobold (D:7)
  2 gnoll sergeants (D:7)
  5 bullfrogs
  A wyvern skeleton (D:9)
  2 scorpions
  A water moccasin skeleton (D:7)
  5 howler monkeys
  9 wights
  2 crimson imps
  6 hounds
  2 centaur zombies
  3 jellies
  5 orc priests
  A centaur skeleton (D:7)
  A bullfrog skeleton (D:4)
  A gnoll shaman (D:7)
  7 orc wizards
  Jessica (D:3)
  Terence (D:3)
  2 iguanas
  14 worker ants
  2 hound skeletons
  Robin (D:4)
  A howler monkey zombie (D:7)
  6 gnolls (D:7)
  11 adders
  An adder skeleton (D:4)
  An adder zombie (D:5)
  4 dart slugs
  2 worms
  6 leopard geckos
  58 orcs
  4 ball pythons
  5 bats
  3 giant cockroaches
  12 goblins
  15 hobgoblins
  11 jackals
  14 kobolds
  4 quokkas
  9 frilled lizards
  A jackal skeleton (D:7)
  A leopard gecko skeleton (D:6)
  6 rats
290 creatures vanquished.

Notes
Turn   | Place    | Note
-------+----------+-------------------------------------------
     0 | D:1      | Redear the Gargoyle Fighter began the quest for the Orb.
     0 | D:1      | Reached XP level 1. HP: 14/14 MP: 1/1
    65 | D:1      | Reached XP level 2. HP: 12/19 MP: 2/2
   770 | D:2      | Reached XP level 3. HP: 23/23 MP: 3/3
   810 | D:2      | Found a shadowy altar of Dithmenos.
   810 | D:2      | Found a blossoming altar of Fedhas.
   810 | D:2      | Found a hide-covered altar of Uskayaw.
  1210 | D:2      | Reached XP level 4. HP: 27/29 MP: 4/4
  1365 | D:3      | Noticed Jessica
  1374 | D:3      | Killed Jessica
  1374 | D:3      | Reached skill level 4 in Fighting
  1374 | D:3      | Reached skill level 4 in Armour
  1374 | D:3      | Reached skill level 4 in Shields
  1510 | D:3      | Reached XP level 5. HP: 17/33 MP: 5/5
  1718 | D:3      | Noticed Terence
  1726 | D:3      | Killed Terence
  1726 | D:3      | Reached skill level 3 in Maces & Flails
  2098 | D:3      | Found an ornate altar of the Wu Jian Council.
  2275 | D:4      | Reached XP level 6. HP: 27/39 MP: 6/6
  2509 | D:4      | Noticed Robin
  2540 | D:4      | Killed Robin
  2790 | D:4      | Reached skill level 5 in Fighting
  2790 | D:4      | Reached skill level 5 in Shields
  2884 | D:4      | Reached skill level 5 in Armour
  2913 | D:4      | Reached XP level 7. HP: 16/44 MP: 7/7
  3296 | D:4      | Reached skill level 4 in Maces & Flails
  3515 | D:5      | Entered Level 5 of the Dungeon
  3637 | D:5      | Gained mutation: You are robust. (+10% HP) [potion of
                  | mutation]
  3637 | D:5      | Gained mutation: You are weak. (Str -2) [potion of
                  | mutation]
  3637 | D:5      | Lost mutation: You are robust. (+10% HP) [potion of
                  | mutation]
  3637 | D:5      | Gained mutation: You expend magic power (3 MP) to
                  | strengthen your wands. [potion of mutation]
  3682 | D:5      | Reached XP level 8. HP: 14/51 MP: 8/8
  3775 | D:5      | Found Damoo's Armour Boutique.
  3905 | D:5      | Found an iron altar of Okawaru.
  4125 | D:5      | Found a snail-covered altar of Cheibriados.
  4385 | D:6      | Reached skill level 6 in Fighting
  4385 | D:6      | Reached skill level 6 in Shields
  4386 | D:6      | Lost mutation: You expend magic power (3 MP) to strengthen
                  | your wands. [potion of mutation]
  4386 | D:6      | Lost mutation: You are weak. (Str -2) [potion of mutation]
  4386 | D:6      | Gained mutation: You have a pair of small antennae on your
                  | head. [potion of mutation]
  4386 | D:6      | Gained mutation: You have large cloven feet. [potion of
                  | mutation]
  4386 | D:6      | Gained mutation: Armour fits poorly on your strangely
                  | shaped body. [potion of mutation]
  4386 | D:6      | Gained mutation: You evolve. [potion of mutation]
  4559 | D:6      | Reached skill level 6 in Armour
  4586 | D:6      | Reached skill level 5 in Maces & Flails
  4642 | D:6      | Lost mutation: You have a pair of small antennae on your
                  | head. [evolution]
  5037 | D:6      | Found a staircase to the Ecumenical Temple.
  5077 | Temple   | Entered the Ecumenical Temple
  5201 | Temple   | Became a worshipper of Makhleb the Destroyer
  5651 | D:6      | Found Pecaq's General Store.
  5655 | D:6      | Noticed Sigmund
  5666 | D:6      | Killed Sigmund
  5666 | D:6      | Reached skill level 7 in Fighting
  5666 | D:6      | Reached skill level 7 in Armour
  5666 | D:6      | Reached skill level 7 in Shields
  5666 | D:6      | Reached XP level 9. HP: 54/57 MP: 9/9
  5677 | D:6      | Bought a scroll of identify for 30 gold pieces
  5828 | D:7      | Noticed Menkaure
  5845 | D:7      | Killed Menkaure
  5896 | D:7      | Reached skill level 6 in Maces & Flails
  6028 | D:7      | Found a shattered altar of Ashenzari.
  6167 | D:7      | Noticed Harold
  6179 | D:7      | Killed Harold
  6179 | D:7      | Reached skill level 8 in Fighting
  6179 | D:7      | Reached skill level 8 in Armour
  6179 | D:7      | Reached skill level 8 in Shields
  6466 | D:7      | Learned a level 1 spell: Confusing Touch
  6652 | D:7      | Reached skill level 7 in Maces & Flails
  6659 | D:7      | Reached * piety under Makhleb
  6685 | D:7      | Reached XP level 10. HP: 36/64 MP: 10/10
  7139 | D:8      | Found a hazy altar of Hepliaklqana.
  7250 | D:8      | Found a sacrificial altar of Ru.
  7381 | D:8      | Found Liyt's Weapon Boutique.
  7390 | D:8      | Bought the +4 hunting sling "Uliffeug" {venom, +Inv rElec
                  | Dex-2} for 386 gold pieces
  7561 | D:8      | Found Lyerok's General Store.
  7569 | D:8      | Bought a scroll of teleportation for 39 gold pieces
  7597 | D:8      | Gained mutation: You expend magic power (3 MP) to
                  | strengthen your wands. [evolution]
  7610 | D:8      | Noticed Psyche
  7633 | D:8      | Killed Psyche
  7664 | D:8      | Found a basalt altar of Yredelemnul.
  7666 | D:8      | Noticed a profane servitor
  7691 | D:8      | Found a glowing golden altar of the Shining One.
  7959 | D:9      | HP: 6/65 [yak (7)]
  7962 | D:9      | Reached skill level 9 in Fighting
  8211 | D:9      | Found Zoruwkiu's Magic Scroll Shop.
  8235 | D:9      | Reached skill level 9 in Armour
  8235 | D:9      | Reached skill level 9 in Shields
  8263 | D:9      | Bought a scroll of identify for 30 gold pieces
  8455 | D:9      | Reached ** piety under Makhleb
  8507 | D:9      | Reached skill level 1 in Dodging
  8767 | D:9      | Reached skill level 8 in Maces & Flails
  8921 | D:9      | Found a staircase to the Orcish Mines.
  8932 | D:9      | Reached *** piety under Makhleb
  9186 | D:9      | Reached skill level 2 in Dodging
  9222 | D:9      | Noticed Gastronok
  9714 | D:9      | Killed Gastronok
  9714 | D:9      | Reached skill level 10 in Fighting
  9714 | D:9      | Reached skill level 9 in Maces & Flails
  9714 | D:9      | Reached skill level 3 in Dodging
  9714 | D:9      | Reached XP level 11. HP: 66/72 MP: 11/11
  9763 | D:9      | Gained mutation: You are frail. (-10% HP) [evolution]
  9763 | D:9      | Lost mutation: You evolve. [end of evolution]
  9792 | D:9      | Found a deep blue altar of Sif Muna.
 10022 | D:10     | Entered Level 10 of the Dungeon
 10354 | D:10     | Reached skill level 4 in Dodging
 10534 | D:10     | HP: 1/65 [gargoyle/stone arrow (14)]
 11397 | Orc:1    | Entered Level 1 of the Orcish Mines
 11416 | Orc:1    | HP: 6/65 [troll (9)]
 12083 | D:11     | Noticed a cyclops
 12117 | D:11     | Hit by a large rock thrown by a cyclops

Levels and vault maps discovered:
D:1:      elethiomel_arrival_shortcut, layout_basic, chequers_arboretum
D:2:      layout_rooms, gammafunk_temple_overflow_forgotten
D:3:      layout_basic, overflow_temple_1_default, uniq_jessica, uniq_terence
D:4:      layout_loops_ring, sigmund_army, uniq_robin
D:5:      layout_cave_pools, old_standard_altar, kennysheep_little_box,
          serial_shops, shop, first_ration, serial_column_ruins,
          column_ruins_courtyard_long_water, column_ruins_corridor_dead_end,
          column_ruins_open_medium, column_ruins_open_medium,
          column_ruins_grid_2, column_ruins_open_small, column_ruins_grid_4,
          column_ruins_open_tiny
D:6:      layout_basic, minmay_temple_entry_gardened_gates, serial_shops, shop,
          uniq_sigmund
D:7:      kennysheep_housing_project, layout_loops_ring,
          ashenzari_conservatory_becter, uniq_harold, uniq_menkaure
D:8:      layout_gridville, nicolae_ru_great_annihilating_truth,
          nicolae_overflow_hidden_temple, grunt_temple_overflow_holy_war,
          serial_shops, shop, nicolae_shop_stone, uniq_psyche
D:9:      layout_basic, tgw_sif, hiddenorc2_lemuel, serial_shops, shop,
          uniq_gastronok
D:10:     layout_loops_cross
D:11:     layout_rooms, erik_lair_dragon
Temple:   jpeg_temple_alley_garden
Orc:1:    layout_caves

Skill      XL: |  1  2  3  4  5  6  7  8  9 10 11 |
---------------+----------------------------------+-----
Fighting       | 4 5 7 8 10 | 10.8
Armour         | 4 5 7 8 9 |  9.0
Shields        | 4 5 7 8 9 |  9.0
Maces & Flails | 3 4 5 7 9 |  9.6
Dodging        | 3 4 |  4.5

Action                   |  1- 3 |  4- 6 |  7- 9 | 10-12 || total
-------------------------+-------+-------+-------+-------++-------
Melee: Flail             |    79 |       |       |       ||    79
       Whip              |    75 |   382 |   539 |   420 ||  1416
       Kick              |       |       |   131 |   233 ||   364
       Mace              |       |       |       |   266 ||   266
Throw: Throwing net      |       |       |       |     1 ||     1
Evoke: Wand              |       |       |    13 |     4 ||    17
  Use: Potion            |       |     1 |    11 |     3 ||    15
       Scroll            |       |       |     7 |    11 ||    18
  Eat: Chunk             |     1 |     6 |     6 |    16 ||    29
       Ration            |       |       |     2 |     1 ||     3
Armor: Scale mail        |    53 |       |       |       ||    53
       Leather armour    |    43 |   132 |   195 |   192 ||   562
       Skin              |       |       |    52 |       ||    52
Dodge: Dodged            |   112 |   167 |   223 |   261 ||   763
Block: Buckler           |       |    58 |   113 |   206 ||   377

Table legend:
 A = Non-vault XP
 B = Vault XP
 C = Vault XP percentage of total XP
 D = Non-vault monster count
 E = Vault monster count
 F = Vault count percentage of total count
                 A         B        C        D         E       F
            +---------+---------+-------+---------+---------+-------
      Total |    9476 |    5221 |  35.5 |     205 |      85 |  29.3
            +---------+---------+-------+---------+---------+-------
        D:1 |      32 |       0 |   0.0 |      18 |       0 |   0.0
        D:2 |      50 |       0 |   0.0 |      22 |       0 |   0.0
        D:3 |     116 |      73 |  38.6 |      21 |       2 |   8.7
        D:4 |     537 |      38 |   6.6 |      21 |      12 |  36.4
        D:5 |     366 |       0 |   0.0 |      14 |       0 |   0.0
        D:6 |    1048 |     231 |  18.1 |      20 |       1 |   4.8
        D:7 |     574 |    2035 |  78.0 |      12 |      32 |  72.7
        D:8 |     461 |     459 |  49.9 |       8 |       5 |  38.5
        D:9 |    3761 |    2385 |  38.8 |      40 |      33 |  45.2
       D:10 |    2122 |       0 |   0.0 |      24 |       0 |   0.0
       D:11 |     409 |       0 |   0.0 |       5 |       0 |   0.0
            +---------+---------+-------+---------+---------+-------
